 Seeded DCSS version 0.29.1-4-g47bece8355 (webtiles) character file.

Game seed: 20221118 (custom seed)

126 jessy the Shield-Bearer (level 5, 0/46 HPs)
             Began as a Hill Orc Fighter on Nov 18, 2022.
             Was a Priest of Jiyva.
             Killed from afar by a steam dragon (15 damage)
             ... with a ball of steam
             ... on level 4 of the Dungeon on Dec 2, 2022.
             The game lasted 00:13:55 (3551 turns).

jessy the Shield-Bearer (Hill Orc Fighter)          Turns: 3551, Time: 00:13:55

Health: 0/46       AC:  7    Str: 21    XL:     5   Next: 9%
Magic:  5/5        EV:  9    Int:  8    God:    Jiyva [***...]
Gold:   90         SH:  5    Dex: 15    Spells: 4/4 levels left

rFire   . . .      SeeInvis .   a - +0 war axe
rCold   . . .      Faith    .   c - +0 buckler
rNeg    . . .      Spirit   .   w - +0 scale mail of the Lich-sworn {*Slow Dex+5 Slay+2}
rPois   .          Reflect  .   (no helmet)
rElec   .          Harm     .   (no cloak)
rCorr   +          Rampage  .   (no gloves)
Will    .....                   (no boots)
Stlth   ..........              (no amulet)
HPRegen 1.27/turn               (no ring)
MPRegen 0.44/turn               (no ring)

@: no status effects
A: no striking features
a: Renounce Religion, Oozemancy


You were on level 4 of the Dungeon.
You worshipped Jiyva.
Jiyva was most pleased with you.
You visited 1 branch of the dungeon, and saw 4 of its levels.

You collected 90 gold pieces.

Inventory:

Hand Weapons
 a - a +0 war axe (weapon)
 g - a +0 dagger
 q - a +0 club
 s - a +2 short sword of draining
 t - a +2 spear of venom
 y - a +0 trident
 C - the +4 dagger "Isank" {flame, rC+ SInv}
   (You found it on level 4 of the Dungeon)

   It burns those it strikes, dealing additional fire damage.
   rC:        It protects you from cold.
   SInv:      It lets you see invisible.
Missiles
 f - 32 stones
 B - 3 poisoned darts (quivered)
Armour
 b - a +0 scale mail
 c - a +0 buckler (worn)
 p - a +0 ring mail
 w - the +0 scale mail of the Lich-sworn (worn) {*Slow Dex+5 Slay+2}
   (You found it on level 2 of the Dungeon)

   Dex:       It affects your dexterity (+5).
   Slay:      It affects your accuracy & damage with ranged weapons and melee
   (+2).
   *Slow:     It may slow you when you take damage.
Magical Staves
 h - a staff of death
Scrolls
 i - 5 scrolls of identify {unknown}
 j - 2 scrolls of magic mapping {unknown}
 k - a scroll of noise {unknown}
 m - a scroll of acquirement {unknown}
 n - 2 scrolls of immolation {unknown}
 o - a scroll of summoning {unknown}
 v - 2 scrolls of teleportation {unknown}
 x - a scroll of vulnerability {unknown}
 D - a scroll of blinking {unknown}
Potions
 d - a potion of might
 e - a potion of curing
 l - a potion of lignification {unknown}
 r - a potion of degeneration {unknown}
 u - a potion of flight {unknown}
 z - a potion of attraction {unknown}
 A - 2 potions of cancellation {unknown}


   Skills:
 + Level 4.0 Fighting
 + Level 4.2(4.3) Axes
 + Level 0.6(2.2) Polearms
 + Level 3.8 Armour
 + Level 1.0 Dodging
 + Level 0.2 Stealth
 + Level 4.2 Shields


You had 4 spell levels left.
You didn't know any spells.
Your spell library contained the following spells:

 Spells                   Type           Power      Damage    Failure   Level
 Shock                    Conj/Air       0%         1d3       83%         1
 Ensorcelled Hibernation  Hex/Ice        0%         N/A       92%         2
 Spider Form              Tmut/Pois      0%         N/A       99%         3
 Anguish                  Hex/Necr       0%         N/A       100%        4
 Summon Ice Beast         Ice/Summ       0%         N/A       100%        4
 Lightning Bolt           Conj/Air       0%         1d11      100%        5


Dungeon Overview and Level Annotations

Branches:
Dungeon (4/15)             Temple (0/1) D:4

Altars:
Jiyva

Shops:
D:4 (


Message History

You barely miss the hobgoblin.
The hobgoblin is severely wounded.
The hobgoblin hits you but does no damage.
You barely miss the hobgoblin.
The hobgoblin is severely wounded.
You block the hobgoblin's attack.
You slash the hobgoblin!
You kill the hobgoblin!
You swap places.
You swap places.
You swap places.
You swap places.
Found a stone staircase leading down.
Jiyva will now mutate your body as you gain piety.
You can now call acidic ooze from nearby walls.
Found a scroll labelled YMINTEFOTU.
D - a scroll labelled YMINTEFOTU You hear a series of splatters.
Found Otawub's Antique Weapon Boutique.
A steam dragon comes into view.
The steam dragon hisses angrily.
The steam dragon breathes steam at you. The ball of steam misses you.
You are engulfed in a cloud of scalding steam.
Jiyva says: Divide and consume!
The steam dragon attacks as you move away!
You block the steam dragon's attack. The steam dragon misses you.
The steam dragon attacks as you move away!
The steam dragon bites you. You block the steam dragon's attack.
The steam dragon breathes steam at you. The ball of steam hits you!!
You are engulfed in a cloud of scalding steam.
The steam dragon breathes steam at you. The ball of steam hits you!
* * * LOW HITPOINT WARNING * * *
You are engulfed in a cloud of scalding steam.
* * * LOW HITPOINT WARNING * * *
The steam dragon breathes steam at you. The ball of steam hits you!
You die...

......##.#.# #.# #.#
........##.#.# #.# #.#
.......>..##.#.# ### #.#
##..#.##..##.#.#############.#
#.... ....#.#.#.............#
#..#.##.###.#.#.#############
#.# . .### #.# .# .... #@# ...
#..# #§# .#. #..#### #§#
...##..... #D# .....∩.. #.#
#...D##########.#
#.§##......§..#
#..#..#######.# #....## #.#


There were no monsters in sight!

Vanquished Creatures
  A hound (D:4)
  4 adders
  2 dart slugs
  A worm (D:2)
  3 orcs
  2 ball pythons (D:1)
  2 endoplasms (D:1)
  2 giant cockroaches (D:4)
  8 hobgoblins
  6 jackals (D:1)
  6 quokkas
  3 bats
  2 frilled lizards
  5 goblins
  3 kobolds
  3 rats
53 creatures vanquished.

Vanquished Creatures (others)
  A phantom (D:4)
  2 jellies (D:4)
  An endoplasm (D:4)
  2 hobgoblins
  2 fungi (D:2)
  38 plants (D:2)
46 creatures vanquished.

Grand Total: 99 creatures vanquished

Notes
Turn   | Place    | Note
-------+----------+-------------------------------------------
     0 | D:1      | jessy the Hill Orc Fighter began the quest for the Orb.
     0 | D:1      | Reached XP level 1. HP: 19/19 MP: 1/1
   414 | D:1      | Reached XP level 2. HP: 27/27 MP: 2/2
   674 | D:1      | Got Sif Muna's Secrets of the Nimbus and Generation
  1018 | D:1      | Reached XP level 3. HP: 33/33 MP: 3/3
  1458 | D:2      | Upgraded the game from 0.29.1-2-gbd0b4ee654 to
                  | 0.29.1-4-g47bece8355
  1740 | D:2      | Identified the +0 scale mail of the Lich-sworn {*Slow Dex+5
                  | Slay+2}
  1774 | D:2      | Found a faded altar of an unknown god.
  1804 | D:2      | Prayed at the altar of an unknown god.
  1804 | D:2      | Became a worshipper of Jiyva Jaidimej the Shapeless
  1804 | D:2      | Reached * piety under Jiyva
  1948 | D:2      | Reached XP level 4. HP: 40/40 MP: 4/4
  2370 | D:3      | Reached ** piety under Jiyva
  3040 | D:4      | Reached skill level 1 in Dodging
  3148 | D:4      | Reached XP level 5. HP: 43/46 MP: 5/5
  3165 | D:4      | Killed a phantom
  3174 | D:4      | Found a staircase to the Ecumenical Temple.
  3227 | D:4      | Identified the +4 dagger "Isank" {flame, rC+ SInv}
  3428 | D:4      | Reached *** piety under Jiyva
  3525 | D:4      | Found Otawub's Antique Weapon Boutique.
  3528 | D:4      | Noticed a steam dragon
  3551 | D:4      | Killed from afar by a steam dragon

Illustrated notes

Levels and vault maps discovered:
D:1:      dpeg_arrival_stone_temple_mockup, layout_basic,
          amcnicky_mini_rare_corridor_liquid, chequers_garden, st_stairs_2
D:2:      layout_rooms, shapermc_ecumenical_altar_ellora, serial_bayou_lagoon_a
D:3:      layout_basic, chequers_serial_rivers_micro_e
D:4:      layout_basic, temple_doors_cd, serial_shops, nicolae_square_shop

Skill      XL: |  1  2  3  4 |
---------------+-------------+-----
Axes           | 3 4 |  4.2
Shields        | 4 |  4.2
Dodging        | 1 |  1.0
Fighting       | 4 |  4.0
Polearms       | |  0.6
Armour         | |  3.8
Stealth        | |  0.2

Action                   |  1- 3 |  4- 6 || total
-------------------------+-------+-------++-------
Melee: War axe           |    71 |    25 ||    96
       Spear             |    42 |    25 ||    67
       Short sword       |     6 |       ||     6
  Use: Potion            |       |     1 ||     1
Armor: Scale mail        |    58 |    30 ||    88
Dodge: Dodged            |    60 |    41 ||   101
Block: Buckler           |    36 |    21 ||    57
